AoeStats
← 唐伯虎点蚊香

Black Forest

508252133Analyzed
4v4 RM · 10d ago on Sep 21, 2026· 70m 55s· 8 players
Game mode
Random Map
Map size
Large (8 player)
Population
200
Speed
Normal
Resources
Standard
Victory
Conquest
Starting age
Dark Age
Ending age
Imperial Age
RankedLock teamsTeams togetherTeam positionsShared explorationLock speedFull tech treeHidden civsTurbo modeCheats
Victory
Defeat
🇧🇷 Persians · Brazil
696
+14
🇨🇳 Byzantines · China
681
+15
🇫🇷 Khmer · France
673
+15
🇦🇷 Mongols · Argentina
640
+32
🇻🇳 Bohemians · Vietnam
713
-17
🇷🇺 Burgundians · Russia
663
-16
🇲🇩 Bulgarians · Moldova
614
-14
🇬🇧 Franks · United Kingdom
609
-13
plume300
0:28 Loom
18:28 Feudal Age
18:55 Horse Collar
19:07 Double-Bit Axe
20:30 Stone Mining
20:33 Gold Mining
24:44 Wheelbarrow
29:30 Castle Age
28:21 Bloodlines
29:39 Scale Barding Armor
29:45 Forging
30:18 Heavy Plow
30:32 Bow Saw
30:46 Husbandry
33:01 Gold Shaft Mining
38:13 Imperial Age
38:38 Iron Casting
39:33 Conscription
39:52 Chain Barding Armor
40:21 Stone Shaft Mining
41:13 Crop Rotation
42:03 Hoardings
44:04 Plate Barding Armor
44:31 Blast Furnace
44:16 Caravan
46:07 Double Crossbow
47:57 Fortified Wall
47:41 Heated Shot
48:48 Tusk Swords
49:24 Ballistics
50:39 Chemistry
49:03 Elite Ballista Elephant
53:04 Hand Cart
56:43 Heavy Scorpion
65:49 Elite Battle Elephant
唐伯虎点蚊香
12:32 Feudal Age
18:57 Castle Age
17:31 Horse Collar
17:46 Double-Bit Axe
24:32 Bow Saw
24:51 Horse Collar
27:33 Loom
28:24 Wheelbarrow
29:57 Pikeman
31:01 Squires
31:12 Gold Mining
31:12 Stone Mining
31:49 Hand Cart
35:02 Imperial Age
34:29 Gold Shaft Mining
34:30 Stone Shaft Mining
34:38 Stone Shaft Mining
35:01 Elite Skirmisher
35:58 Forging
35:39 Fletching
35:50 Padded Archer Armor
35:51 Scale Mail Armor
35:15 Halberdier
35:58 Heavy Plow
37:01 Two-Man Saw
36:36 Thumb Ring
37:35 Chemistry
36:56 Ballistics
36:17 Treadmill Crane
36:51 Caravan
39:15 Murder Holes
39:36 Logistica
39:47 Conscription
38:49 Elite Cataphract
40:09 Iron Casting
39:29 Bodkin Arrow
39:50 Leather Archer Armor
39:51 Chain Mail Armor
39:45 Scale Barding Armor
42:10 Hoardings
43:58 Bracer
44:28 Ring Archer Armor
45:16 Plate Mail Armor
45:07 Chain Barding Armor
44:35 Heavy Camel Rider
45:18 Husbandry
44:43 Light Cavalry
52:04 Devotion
52:41 Theocracy
52:30 Heresy
52:27 Devotion
54:51 Fortified Wall
54:28 Arrowslits
55:26 Plate Barding Armor
70:18 Greek Fire
70:11 Guard Tower
70:42 Bombard Tower
69:49 Cavalier
69:52 Hussar
69:56 Crossbowman
70:00 Man-at-Arms
70:28 Gambesons
71:17 Coinage
71:00 Guilds
70:38 Arson
pagerbon
11:17 Loom
14:09 Feudal Age
12:24 Loom
14:29 Double-Bit Axe
15:05 Arson
18:03 Wheelbarrow
18:23 Town Watch
20:41 Padded Archer Armor
21:48 Gold Mining
21:51 Stone Mining
27:20 Castle Age
26:13 Forging
28:23 Bow Saw
27:57 Horse Collar
29:05 Gold Shaft Mining
32:40 Pikeman
33:23 Squires
34:00 Heavy Plow
34:47 Husbandry
36:32 Scale Mail Armor
39:14 Imperial Age
37:23 Stone Shaft Mining
36:42 Fletching
37:00 Scale Barding Armor
38:38 Chain Mail Armor
39:45 Caravan
40:16 Coinage
40:02 Cavalier
41:38 Iron Casting
43:10 Two-Man Saw
44:06 Blast Furnace
43:52 Crop Rotation
44:24 Masonry
45:15 Chemistry
44:57 Savar
46:02 Hand Cart
46:48 Architecture
46:40 Chain Barding Armor
47:21 Elite War Elephant
47:29 Halberdier
49:13 Coinage
53:50 Town Patrol
54:27 Plate Barding Armor
54:23 Plate Mail Armor
54:09 Leather Archer Armor
53:45 Fletching
58:24 Ring Archer Armor
58:34 Hoardings
lucio 2007
10:50 Feudal Age
16:12 Castle Age
15:07 Double-Bit Axe
15:49 Horse Collar
17:42 Wheelbarrow
24:34 Pikeman
25:15 Squires
25:37 Bow Saw
30:29 Hand Cart
30:30 Scale Mail Armor
30:37 Scale Barding Armor
30:24 Fletching
30:37 Padded Archer Armor
30:53 Forging
31:04 Heavy Plow
31:23 Gold Mining
31:23 Stone Mining
37:18 Imperial Age
34:39 Town Watch
36:58 Loom
37:14 Town Patrol
37:21 Bodkin Arrow
37:41 Leather Archer Armor
37:47 Chain Barding Armor
38:03 Iron Casting
38:35 Elite Mangudai
39:42 Chain Mail Armor
39:28 Bracer
40:51 Ballistics
41:32 Chemistry
42:16 Blast Furnace
43:31 Gold Shaft Mining
42:46 Stone Mining
43:33 Plate Mail Armor
44:20 Murder Holes
56:47 Thumb Ring
68:04 Heavy Scorpion
((W@W)) Rahi
10:37 Feudal Age
11:05 Double-Bit Axe
13:24 Wheelbarrow
16:31 Gold Mining
16:32 Stone Mining
19:19 Castle Age
19:23 Stone Mining
20:59 Bow Saw
21:11 Hand Cart
25:59 Caravan
37:08 Imperial Age
37:15 Imperial Age
42:15 Elite Throwing Axeman
42:57 Chivalry
43:18 #83
45:30 Chemistry
44:42 Man-at-Arms
45:43 Long Swordsman
47:06 Two-Handed Swordsman
47:32 Gambesons
48:08 Scale Mail Armor
48:06 Champion
48:54 Squires
48:40 Arson
49:29 Conscription
49:35 Conscription
PONI_PAI
0:53 Loom
7:41 Wheelbarrow
13:08 Feudal Age
11:21 Horse Collar
11:29 Double-Bit Axe
13:36 Town Watch
13:54 Heavy Plow
17:45 Bow Saw
20:25 Hand Cart
25:55 Castle Age
24:30 Caravan
26:11 Scale Barding Armor
26:17 Forging
28:50 Cavalier
29:31 Husbandry
29:23 Arson
29:38 Squires
29:31 Gold Mining
29:31 Stone Mining
30:49 Town Patrol
33:50 Chain Barding Armor
34:06 Iron Casting
34:59 Crop Rotation
37:07 Two-Man Saw
39:53 Imperial Age
40:50 Gold Shaft Mining
40:50 Stone Shaft Mining
41:20 Conscription
41:19 Burgundian Vineyards
42:50 Chemistry
42:53 Paladin
44:41 Blast Furnace
44:40 Plate Barding Armor
45:59 Onager
47:08 Fletching
47:19 Padded Archer Armor
47:32 Fortified Wall
56:41 Crossbowman
59:53 Elite Skirmisher
Dragon D. Barola
9:17 Loom
13:37 Feudal Age
14:19 Double-Bit Axe
19:15 Man-at-Arms
21:57 Castle Age
23:48 Wheelbarrow
23:33 Bow Saw
23:48 Crossbowman
28:06 Fletching
32:13 Fortified Wall
32:08 Bodkin Arrow
31:39 Long Swordsman
31:40 Pikeman
34:49 Chemistry
35:00 Padded Archer Armor
35:52 Guard Tower
38:00 Murder Holes
38:26 Leather Archer Armor
38:12 Town Watch
38:44 Hand Cart
41:11 Imperial Age
39:47 Town Patrol
42:18 Imperial Age
40:57 Light Cavalry
41:38 Husbandry
41:26 Arson
41:44 Squires
42:05 Wagenburg Tactics
42:45 Ballistics
42:02 Elite Skirmisher
43:04 Forging
42:54 Scale Mail Armor
43:01 Scale Barding Armor
44:26 Siege Engineers
45:25 Bracer
45:56 Hussite Reforms
46:18 Conscription
46:35 Redemption
47:40 Two-Man Saw
46:44 Caravan
47:18 Ring Archer Armor
46:43 Elite Hussite Wagon
48:22 Block Printing
48:35 Houfnice
49:24 Two-Handed Swordsman
saniuwa
0:51 Loom
24:50 Feudal Age
27:23 Wheelbarrow
26:34 Town Watch
28:37 Double-Bit Axe
29:08 Horse Collar
35:05 Stone Mining
35:05 Gold Mining
38:47 Castle Age
37:14 Fletching
37:34 Forging
37:25 Scale Mail Armor
37:30 Scale Barding Armor
37:40 Bloodlines
39:30 Caravan
39:43 Bow Saw
39:37 Heavy Plow
40:10 Hand Cart
43:19 Stone Shaft Mining
43:19 Gold Shaft Mining
43:51 Fervor
44:35 Husbandry
48:26 Imperial Age
47:28 Gambesons
47:44 Squires
47:04 Pikeman
47:50 Bodkin Arrow
48:32 Iron Casting
48:19 Chain Mail Armor
48:44 Chain Barding Armor
49:09 Murder Holes
49:24 Masonry
49:35 Ballistics
51:12 Conscription
50:53 Bagains
50:48 Stirrups
53:06 Crop Rotation
53:12 Architecture
52:56 Bracer
53:57 Blast Furnace
53:27 Plate Mail Armor
53:33 Plate Barding Armor
54:20 Plate Barding Armor
54:43 Stirrups
54:09 Elite Konnik
Connection lost

Rejoining the realm…

Still unreachable

The connection could not be restored.

Session expired

The server has moved on; the page needs a fresh start.